 Dungeon Crawl Stone Soup version 0.20-a0-795-ga03948b (webtiles) character file.

137 Duffy the Shield-Bearer (level 5, 41/41 HPs)
             Began as a Formicid Fighter on Mar 2, 2017.
             Quit the game on level 1 of the Dungeon.
             The game lasted 00:01:48 (905 turns).

Duffy the Shield-Bearer (Formicid Fighter)           Turns: 905, Time: 00:01:49

Health: 41/41      AC:  9    Str: 21    XL:     5   Next: 44%
Magic:  5/5        EV:  8    Int:  8    God:
Gold:   0          SH: 10    Dex: 10    Spells: 4/4 levels left

rFire    . . .     SeeInvis +   a - +0 war axe
rCold    . . .     Gourm    .   b - +0 scale mail
rNeg     . . .     Faith    .   c - +0 shield
rPois    .         Spirit   .   (helmet unavailable)
rElec    .         Reflect  .   (no cloak)
rCorr    .         Harm     .   g - +0 pair of gloves
MR       .....                  e - +0 pair of boots
Stlth    ..........             i - amulet of rage
Regen    0.2/turn               (no ring)
MPRegen  0.1/turn               (no ring)

@: no status effects
A: permanent stasis, dig shafts and tunnels, four strong arms, antennae 3
a: Dig, Shaft Self


You were on level 1 of the Dungeon.
You were not hungry.

You visited 1 branch of the dungeon, and saw 3 of its levels.

Inventory:

Hand Weapons
 a - a +0 war axe (weapon)
Armour
 b - a +0 scale mail (worn)
 c - a +0 shield (worn)
 e - a +0 pair of boots (worn)
 g - a +0 pair of gloves (worn)
Jewellery
 i - an amulet of rage (around neck)
Scrolls
 j - a scroll of remove curse {unknown}
Potions
 d - a potion of might
Comestibles
 f - a bread ration
 h - 7 chunks of flesh


   Skills:
 - Level 3.2 Fighting
 + Level 3.8 Axes
 - Level 3.2 Armour
 + Level 5.6 Shields


You had 4 spell levels left.
You didn't know any spells.

Dungeon Overview and Level Annotations

Branches:
Dungeon (3/15)

Altars:

Annotations:
D:3 Alarkh's ghost, amateur DsAK


Innate Abilities, Weirdness & Mutations

You cannot be hasted, slowed, berserked, paralysed or teleported.
You can dig through walls and to a lower floor.
Your four strong arms can wield two-handed weapons with a shield.
You have a pair of large antennae on your head. (SInv)


Message History

You see here a stone.
The kobold throws a stone.
You block the stone.
You see here a stone.
The kobold throws a stone.
The stone hits you but does no damage.
You see here a stone.
The kobold hits you but does no damage.
Your shield and scale mail prevent you from hitting the kobold.
You block the kobold's attack.
A bat comes into view.
You barely miss the kobold. You block the kobold's attack. x2
You slash the kobold!
You kill the kobold!
The bat completely misses you.
You closely miss the bat. You block the bat's attack.
The bat hits you but does no damage. You block the bat's attack.
A bat is nearby!
A bat is nearby!
A bat is nearby!
A bat is nearby!
Are you sure you want to abandon this character and quit the game? (Confirm with "yes".)

..............#
..............#
..............####
.................##
##.....#.........##
####.............#
#..........b!..# ###
#.##....(......#
..###.###..%.(..@.##
....%...##...#(..)$#
........................
..###.#..........##.####
..# #.########......#
#.# #.# ##...... ... ..#
..(.###. ......# ##..#
.# ....... #..#


You could see a bat.

Vanquished Creatures
  A jelly (D:1)
  A gnoll (D:1)
  3 adders
  6 oozes (D:1)
  4 leopard geckos
  An orc (D:3)
  5 giant cockroaches (D:1)
  2 goblins (D:1)
  2 hobgoblins (D:1)
  3 jackals (D:1)
  A quokka (D:2)
  A ball python (D:1)
  2 bats (D:1)
  4 kobolds
  5 rats
41 creatures vanquished.

Notes
Turn   | Place    | Note
-------+----------+-------------------------------------------
     0 | D:1      | Duffy the Formicid Fighter began the quest for the Orb.
     0 | D:1      | Reached XP level 1. HP: 18/18 MP: 1/1
     0 | D:1      | Noticed a jelly
     1 | D:1      | Found a runed door.
    18 | D:1      | Reached skill level 4 in Shields
    18 | D:1      | Reached XP level 2. HP: 21/24 MP: 2/2
    28 | D:1      | Reached XP level 3. HP: 21/29 MP: 3/3
   325 | D:2      | You fall through a shaft!
   468 | D:3      | Reached XP level 4. HP: 35/35 MP: 4/4
   530 | D:3      | Noticed Alarkh's ghost (amateur DsAK)
   533 | D:2      | Reached skill level 5 in Shields
   560 | D:1      | Reached XP level 5. HP: 22/41 MP: 5/5
   905 | D:1      | Quit the game

Vault maps used:
D:1:      dpeg_arrival_caged_fury, corexii_hall_statues_x
D:3:      lemuel_coloured_pillars_altar, nicolae_overflow_hidden_temple,
          yredelemnul_altar_generic, elyvilon_altar_1,
          nicolae_ru_sacrificial_ziggurat

Skill      XL: |  1  2  3  4 |
---------------+-------------+-----
Shields        | 4 5 |  5.6
Axes           | 3 |  3.8
Fighting       | |  3.2
Armour         | |  3.2

Action                   |  1- 3 |  4- 6 || total
-------------------------+-------+-------++-------
Melee: War axe           |    53 |    69 ||   122
 Abil: Shaft Self        |     1 |       ||     1
  Eat: Chunk             |       |     1 ||     1
Armor: Scale mail        |    23 |    26 ||    49
Dodge: Dodged            |    17 |    22 ||    39
Block: Shield            |    27 |    65 ||    92
